Map: King's Cove LE

Players

souL

  • Race: Terran Terran
  • Spawn Location: 11:00

BraneloB - Winner!

  • Race: Zerg Zerg
  • Spawn Location: 5:00

Event: 2019 WCS Summer

VOD

Have the link to the VOD?

Description

Time

  • Played on: July 12, 2019, 6:09 a.m.
  • Length: 10:45

All games in this series

Show
View Real Time Build Order
Export as new Build Order

souL Terran 

Build Orders: Gas First Reaper Expand 

Get SALT Encoding   

  12  0:00  SCV  
  13  0:13  SCV  
  14  0:18  Supply Depot  
  14  0:25  SCV  
  15  0:29  Refinery  
  15  0:39  SCV  
  16  0:46  Barracks  
  16  0:51  SCV  
  17  1:04  SCV  
  18  1:16  SCV  
  19  1:33  Orbital Command, Reaper  
  20  1:46  Command Center  
  20  1:57  Factory  
  20  2:01  SCV  
  21  2:07  Barracks Reactor  
  21  2:13  SCV  
  22  2:16  Supply Depot  
  22  2:23  Refinery  
  22  2:25  SCV  
  23  2:37  SCV  
  24  2:48  Starport  
  24  2:53  Hellion x2  
  24  2:54  SCV  
  29  3:00  Orbital Command  
  29  3:06  Barracks Tech Lab, SCV  
  30  3:14  Hellion  
  30  3:17  Hellion  
  34  3:20  SCV  
  35  3:27  SCV  
  35  3:32  Banshee, SCV  
  40  3:34  Marine  
  40  3:39  SCV  
  42  3:44  SCV  
  42  3:52  SCV  
  43  3:56  SCV  
  43  3:58  Factory Tech Lab  
  44  4:04  SCV, Supply Depot x2  
  44  4:05  Marine  
  46  4:25  Siege Tank, Viking, SCV x2  
  46  4:31  Command Center  
  54  4:33  Supply Depot  
  54  4:37  SCV x2  
  56  4:42  Supply Depot  
  55  4:49  SCV x2  
  57  4:55  Stimpack, Marine  
  57  4:56  Barracks  
  57  4:57  Starport Reactor  
  57  4:58  Barracks  
  58  5:02  SCV x2  
  60  5:07  Siege Tank  
  60  5:14  Engineering Bay x2, SCV x2  
  65  5:20  Refinery  
  65  5:21  Refinery  
  65  5:22  Marine  
  65  5:26  SCV  
  67  5:31  SCV  
  68  5:38  SCV  
  68  5:40  Marine  
  68  5:41  Terran Infantry Weapons Level 1, Terran Infantry Armor Level 1  
  70  5:43  SCV  
  70  5:45  Missile Turret x2  
  70  5:46  Starport Reactor  
  70  5:47  Orbital Command  
  63  5:50  SCV  
  63  5:52  Marine  
  63  5:54  Marine  
  63  5:55  SCV  
  67  5:58  Marine x2  
  67  6:03  Marine  
  70  6:05  Missile Turret  
  70  6:09  Marine  
  69  6:12  Marine  
  69  6:15  Marine x2  
  64  6:21  Marine  
  64  6:22  SCV  
  64  6:24  SCV  
  61  6:27  Marine  
  61  6:30  Marine  
  61  6:31  Viking x2  
  62  6:33  Marine x2  
  62  6:37  SCV  
  62  6:39  Marine  
  63  6:42  SCV  
  63  6:45  Orbital Command, Marine, SCV  
  63  6:47  Marine  
  63  6:49  SCV  
  63  6:51  Marine x2  
  67  6:55  SCV  
  67  6:56  Combat Shield  
  67  6:57  Marine  
  67  6:58  Supply Depot  
  69  7:03  Marine, Medivac x2  
  69  7:05  Marine  
  75  7:09  Marine x2  
  75  7:12  Supply Depot  
  77  7:17  Marine, Supply Depot  
  77  7:18  Supply Depot  
  77  7:19  SCV x2  
  77  7:21  Marine  
  81  7:23  Marine  
  81  7:26  Siege Tank  
  84  7:31  Marine  
  85  7:38  Marine x2, SCV x2, Medivac x2  
  93  7:44  Armory, Missile Turret  
  93  7:45  Orbital Command  
  93  7:46  Supply Depot  
  93  7:50  SCV x2  
  94  7:53  Marine  
  94  7:55  Marine  
  94  7:56  Marine  
  94  7:58  Marine  
  98  8:03  Marine, SCV x2  
  100  8:06  Missile Turret  
  100  8:08  Siege Tank  
  100  8:11  Marine  
  96  8:15  SCV x2  
  96  8:17  Marine  
  88  8:27  Marine x2  
  88  8:28  SCV  
  88  8:29  SCV x2  
  88  8:30  Marine x2  
  88  8:32  Medivac  
  88  8:33  Medivac  
  97  8:35  Marine  
  97  8:40  Siege Tank, SCV  
  89  8:43  Supply Depot x2  
  89  8:45  Marine x2  
  89  8:46  SCV  
  89  8:47  SCV  
  89  8:48  Marine x2  
  95  8:52  SCV  
  95  8:53  Marine  
  97  8:58  SCV  
  98  9:03  Marine x2  
  98  9:05  Barracks x2, Marine  
  98  9:06  Marine, Supply Depot  
  98  9:07  Supply Depot  
  102  9:11  Marine  
  100  9:20  Marine, Medivac x2  
  100  9:21  Marine  
  100  9:23  Marine x2  
  108  9:28  Marine  
  108  9:30  Command Center  
  96  9:38  Marine x2  
  96  9:39  Orbital Command  
  96  9:41  Marine x2  
  77  9:46  Marine  
  77  9:52  Medivac  
  75  9:55  Marine  
  75  9:56  Siege Tank, Marine x3  
  75  9:59  Marine x2  
  84  10:04  Marine, Supply Depot  
  85  10:13  Marine x2  
  81  10:14  Marine x2  
  81  10:17  Marine x2  
  73  10:22  Marine  
Show
View Real Time Build Order
Export as new Build Order

BraneloB Zerg - Winner!

Build Orders: Hatch First 

Get SALT Encoding   

  12  0:00  Drone  
  13  0:12  Overlord  
  13  0:17  Drone  
  14  0:31  Drone x2  
  16  0:50  Hatchery  
  16  0:53  Drone  
  16  0:57  Drone  
  16  1:01  Drone  
  18  1:12  Extractor  
  18  1:17  Spawning Pool  
  16  1:20  Drone  
  16  1:23  Drone  
  18  1:29  Drone  
  19  1:44  Drone  
  20  1:49  Overlord  
  20  2:04  Queen x2  
  20  2:05  Zergling x4  
  26  2:12  Drone  
  26  2:15  Metabolic Boost  
  27  2:17  Drone  
  28  2:26  Drone x2  
  30  2:33  Overlord  
  30  2:38  Drone  
  30  2:44  Queen  
  31  2:50  Drone x2  
  35  2:56  Lair  
  35  3:01  Overlord  
  35  3:04  Drone  
  36  3:10  Drone x2  
  38  3:14  Extractor  
  38  3:15  Drone x2  
  38  3:19  Drone  
  40  3:21  Drone  
  40  3:24  Drone, Extractor  
  41  3:28  Drone  
  41  3:31  Drone  
  42  4:02  Spire  
  41  4:06  Zergling x6  
  41  4:07  Drone, Extractor  
  41  4:08  Drone x2  
  46  4:11  Drone  
  46  4:16  Hatchery  
  46  4:17  Drone  
  46  4:18  Drone  
  46  4:23  Drone x2  
  50  4:25  Drone  
  50  4:26  Drone  
  52  4:37  Overlord x2  
  52  4:42  Spore Crawler  
  52  4:43  Spore Crawler  
  50  4:52  Overlord  
  50  5:14  Mutalisk x3  
  50  5:15  Mutalisk x4  
  50  5:19  Drone x2  
  66  5:22  Mutalisk  
  66  5:26  Overlord  
  67  5:35  Drone x4  
  69  5:39  Overseer  
  68  5:52  Drone x2  
  68  5:53  Drone x3  
  72  5:57  Overlord  
  72  5:58  Overlord  
  72  5:59  Drone x2  
  72  6:02  Drone  
  71  6:08  Overlord  
  63  6:22  Drone  
  63  6:23  Drone x6  
  70  6:26  Roach Warren  
  69  6:34  Overlord  
  67  6:40  Drone  
  67  6:41  Drone x5  
  67  6:43  Drone  
  74  6:48  Drone x3  
  74  6:52  Drone, Evolution Chamber  
  74  6:53  Drone  
  78  6:56  Drone  
  79  7:08  Drone x2  
  79  7:09  Drone, Extractor  
  79  7:10  Extractor  
  79  7:13  Drone  
  79  7:14  Drone  
  82  7:15  Overlord  
  82  7:21  Drone x3  
  82  7:22  Overlord x2  
  85  7:26  Zerg Ground Armor Level 1  
  85  7:27  Overlord  
  85  7:32  Glial Reconstitution  
  85  7:34  Roach x3  
  85  7:35  Roach  
  85  7:36  Roach  
  95  7:41  Roach x3  
  95  7:44  Roach  
  103  7:46  Roach  
  103  7:47  Roach  
  107  7:51  Overlord x2  
  107  7:56  Roach x3  
  107  7:58  Roach  
  115  8:00  Roach  
  117  8:07  Roach x2  
  117  8:09  Roach x3  
  117  8:10  Roach  
  121  8:17  Drone x2  
  121  8:18  Drone x3  
  114  8:21  Ravager  
  114  8:22  Ravager x2  
  114  8:23  Roach x2  
  114  8:26  Roach  
  114  8:27  Roach  
  112  8:38  Roach x5  
  112  8:39  Roach  
  124  8:42  Roach  
  124  8:43  Roach  
  124  8:45  Roach  
  124  8:46  Roach  
  132  8:53  Roach x3  
  138  8:56  Roach  
  140  9:11  Ravager x13  
  140  9:12  Ravager  
  152  9:17  Roach  
  152  9:21  Roach  
  152  9:22  Overlord  
  152  9:23  Overlord x3  
  154  9:29  Overlord x2  
  154  9:36  Roach x3  
  142  9:41  Roach  
  142  9:42  Roach x2  
  142  9:44  Roach x2  
  137  9:46  Roach  
  137  9:49  Roach  
  137  9:50  Ravager x3  
  137  9:51  Ravager  
  145  9:53  Ravager  
  145  9:54  Roach  
  145  9:57  Roach  
  145  9:58  Roach  
  152  10:00  Zergling x4  
  152  10:03  Roach  
  156  10:07  Roach x2  
  156  10:11  Roach x2  
  161  10:15  Roach x2  
  161  10:17  Roach  
  161  10:20  Roach x2  
  150  10:40  Ravager  
  150  10:41  Ravager x3  
Tags
 
Add a new tag
Caveats
  • Supply blocks, unpowered buildings, or Contaminate may cause inaccurate times.
  • Supply counts are checked every 10 seconds.